 Dungeon Sprint DCSS version 0.17-a0-1941-gcc30b76 (webtiles) character file.

3900000 GilaZews the Axe Maniac (level 20, -44/197 HPs)
             Began as a Vampire Gladiator on Sept 30, 2015.
             Was a High Priest of Makhleb.
             Annihilated by a destroyer
             ... wielding a +9 great sword of slicing
              (54 damage)
             ... in the Dungeon (Sprint VIII: "Arena of Blood").
             The game lasted 00:02:26 (39 turns).

GilaZews the Axe Maniac (Vampire Gladiator)           Turns: 39, Time: 00:02:26

Health: -44/197    AC:  8    Str: 14    XL:     20   Next: 69%
Magic:  20/37      EV: 35    Int: 14    God:    Makhleb [*****.]
Gold:   0          SH:  0    Dex: 20    Spells: 0 memorised, 19 levels left

rFire  . . .     SeeInvis +     l - +∞ Axe of Woe
rCold  . . .     Clarity  .     b - +0 leather armour
rNeg   + . .     SustAt   .     (no shield)
rPois  .         Gourm    .     c - +0 helmet
rElec  .         Spirit   .     (no cloak)
rCorr  .         Warding  .     (no gloves)
rMut   .         NoTele   +     (no boots)
MR     ++...                    (no amulet)
Stlth  ++++++++++               (no ring)
                                (no ring)

@: very resistant to hostile enchantments, uncannily stealthy
A: fangs 3, see invisible, unbreathing
a: Bat Form, Minor Destruction, Lesser Servant of Makhleb, Major Destruction,
Greater Servant of Makhleb, Renounce Religion


You were in the Dungeon.
You worshipped Makhleb.
Makhleb was extremely pleased with you.
You were not thirsty.

You visited 1 branch

Inventory:

Hand weapons
 a - a +0 war axe
 l - the +∞ Axe of Woe (weapon)
   (You found it in the Dungeon)
Missiles
 d - 3 throwing nets (quivered)
Armour
 b - a +0 leather armour (worn)
 c - a +0 helmet (worn)
Scrolls
 k - a scroll of blinking
Potions
 e - a potion of blood
 f - a potion of curing
 g - a potion of heal wounds
 h - a potion of haste
 i - 2 potions of magic
 j - a potion of berserk rage


   Skills:
 O Level 27 Fighting
 O Level 27 Axes
 - Level 10.2 Throwing
 O Level 27 Armour
 O Level 27 Dodging
 O Level 27 Stealth
 + Level 26.4 Unarmed Combat
 O Level 27 Invocations


You had 19 spell levels left.
You didn't know any spells.

Dungeon Overview and Level Annotations

Branches:
Dungeon (1/1)

Altars:
Makhleb


Innate Abilities, Weirdness & Mutations

You have razor-sharp teeth.
You have supernaturally acute eyesight.
You can survive without breathing.


Message History

You hear a shout! x4
The destroyer is engulfed in roaring flames.
The destroyer blinks!
The sculptor of flesh appears out of thin air!
A sculptor of flesh comes into view. It is wielding a +9 great sword.
The bag of meat shouts!
A bag of meat comes into view. It is wielding a +9 war axe.
Use which ability?
Press: ? - help, Shift-Dir - straight line, f - large bag of meat, p - bag of meat
Aim: a large bag of meat, wielding a +9 giant spiked club and wearing a +100 ring of slaying (lightly wounded, inner flame)
The bolt of negative energy hits the large bag of meat.
The large bag of meat is drained!
The large bag of meat is moderately wounded.
You feel somewhat more thirsty.
You hear a shout! x4
The destroyer is engulfed in roaring flames.
The destroyer hits you with a +9 great sword of slicing!!!!!
Ouch! That really hurt!
* * * LOW HITPOINT WARNING * * *
You die...

#.. ..# #.. ..#
.###.. ..###.
......###......
....._..... .
#.§§§§# ...
#_§§§_# .
.....#o§§V.#...o
.z..o.C)@O.o.V.o
......O###....o.
..###.. .V###.
#.. ..# #.. .#
O.. .. .... ..
....


You could see 3 destroyers, a sculptor of flesh (wandering), a large bag of meat
(inner flame), 2 meat berserkers and 6 bags of meat.

Vanquished Creatures
  2 vampire knights (D)
  5 ogres (D)
  13 orcs (D)
  A hill giant (D)
21 creatures vanquished.

Notes
Turn   | Place    | Note
--------------------------------------------------------------
     0 | D        | GilaZews the Vampire Gladiator began the quest for the Orb.
     0 | D        | Reached XP level 1. HP: 16/16 MP: 1/1
     3 | D        | Noticed a meat berserker
     3 | D        | Killed a meat berserker
     3 | D        | Reached skill level 11 in Fighting
     3 | D        | Reached skill level 18 in Axes
     3 | D        | Reached skill level 10 in Throwing
     3 | D        | Reached skill level 21 in Dodging
     3 | D        | Reached XP level 2. HP: 19/37 MP: 2/2
     3 | D        | Reached XP level 3. HP: 22/43 MP: 3/3
     3 | D        | Reached XP level 4. HP: 25/50 MP: 4/4
     3 | D        | Reached XP level 5. HP: 27/55 MP: 5/5
     3 | D        | Reached XP level 6. HP: 30/62 MP: 6/6
     3 | D        | Reached XP level 7. HP: 32/68 MP: 7/7
     3 | D        | Reached XP level 8. HP: 35/75 MP: 8/8
     3 | D        | Reached XP level 9. HP: 37/81 MP: 9/9
     3 | D        | Reached XP level 10. HP: 39/87 MP: 10/10
     3 | D        | Reached XP level 11. HP: 41/93 MP: 11/11
     3 | D        | Reached XP level 12. HP: 44/100 MP: 12/12
     3 | D        | Reached XP level 13. HP: 46/106 MP: 13/13
     4 | D        | Noticed a bag of meat
     4 | D        | Noticed a bag of meat
     5 | D        | Noticed a bag of meat
     5 | D        | Noticed a bag of meat
     7 | D        | Became a worshipper of Makhleb the Destroyer
    10 | D        | Killed a bag of meat
    10 | D        | Reached skill level 22 in Dodging
    11 | D        | Noticed a meat berserker
    11 | D        | Noticed a bag of meat
    11 | D        | Noticed a bag of meat
    12 | D        | Noticed a meat berserker
    12 | D        | Killed a bag of meat
    12 | D        | Acquired Makhleb's first power
    12 | D        | Reached skill level 23 in Dodging
    12 | D        | Reached XP level 14. HP: 50/121 MP: 14/14
    12 | D        | Killed a bag of meat
    12 | D        | Reached skill level 15 in Fighting
    12 | D        | Reached skill level 24 in Dodging
    14 | D        | Killed a bag of meat
    14 | D        | Acquired Makhleb's second power
    14 | D        | Reached skill level 25 in Dodging
    14 | D        | Reached XP level 15. HP: 53/133 MP: 15/15
    14 | D        | Killed a bag of meat
    14 | D        | Reached skill level 26 in Dodging
    15 | D        | Noticed a bag of meat
    15 | D        | Noticed a bag of meat
    15 | D        | Killed a meat berserker
    15 | D        | Acquired Makhleb's third power
    15 | D        | Reached skill level 27 in Axes
    15 | D        | Reached skill level 27 in Dodging
    15 | D        | Reached XP level 16. HP: 143/152 MP: 16/16
    16 | D        | Killed a bag of meat
    17 | D        | Killed a meat berserker
    17 | D        | Reached skill level 27 in Fighting
    17 | D        | Reached XP level 17. HP: 165/174 MP: 17/17
    19 | D        | Killed a bag of meat
    19 | D        | Acquired Makhleb's fourth power
    19 | D        | Reached skill level 15 in Armour
    20 | D        | Noticed a meat berserker
    22 | D        | Noticed a bag of meat
    23 | D        | Noticed a bag of meat
    23 | D        | Noticed a bag of meat
    23 | D        | Noticed a destroyer
    24 | D        | Killed a meat berserker
    25 | D        | Noticed a bag of meat
    25 | D        | Killed a destroyer
    25 | D        | Acquired Makhleb's fifth power
    25 | D        | Reached XP level 18. HP: 182/182 MP: 18/18
    26 | D        | Noticed a large bag of meat
    26 | D        | Noticed a destroyer
    27 | D        | Noticed a bag of meat
    27 | D        | Killed a bag of meat
    27 | D        | Reached skill level 27 in Armour
    27 | D        | Killed a bag of meat
    28 | D        | Killed a bag of meat
    28 | D        | Reached skill level 27 in Stealth
    28 | D        | Reached XP level 19. HP: 189/189 MP: 18/28
    29 | D        | Noticed a bag of meat
    30 | D        | Killed a destroyer
    30 | D        | Killed a bag of meat
    30 | D        | Killed a large bag of meat
    30 | D        | Reached XP level 20. HP: 197/197 MP: 18/37
    31 | D        | Noticed a bag of meat
    32 | D        | Noticed a destroyer
    32 | D        | Noticed a large bag of meat
    32 | D        | Killed a bag of meat
    32 | D        | Reached skill level 27 in Invocations
    33 | D        | Noticed a meat berserker
    33 | D        | Killed a bag of meat
    35 | D        | Noticed a bag of meat
    35 | D        | Noticed a meat berserker
    35 | D        | Noticed a destroyer
    35 | D        | Noticed a bag of meat
    35 | D        | Noticed a meat berserker
    35 | D        | Noticed a destroyer
    36 | D        | Noticed a destroyer
    37 | D        | Killed a meat berserker
    38 | D        | Noticed a bag of meat
    39 | D        | Noticed a bag of meat
    39 | D        | Noticed a sculptor of flesh
    39 | D        | Annihilated by a destroyer

Vault maps used:
D:        meatsprint

Action                   |  1- 3 |  4- 6 |  7- 9 | 10-12 | 13-15 | 16-18 | 19-21 || total
-------------------------+-------+-------+-------+-------+-------+-------+-------++-------
Melee: Executioner's axe |     1 |       |       |       |     4 |     7 |     4 ||    16
Invok: Major Destruction |       |       |       |       |       |       |     2 ||     2
       Greater Servant o |       |       |       |       |       |       |     1 ||     1
